 Dungeon Crawl Stone Soup version 0.26-a0-752-gcff87cac9a (webtiles) character file.

Game seed: 6983144035643821618

23 P0NYSLAYSTATION the Skirmisher (level 2, -4/27 HPs)
             Began as a Hill Orc Monk on Nov 6, 2020.
             Slain by a bullfrog skeleton (6 damage)
             ... on level 4 of the Dungeon.
             The game lasted 00:04:15 (564 turns).

P0NYSLAYSTATION the Skirmisher (Hill Orc Monk)       Turns: 564, Time: 00:04:16

Health: -4/27      AC:  2    Str: 13    XL:     2   Next: 95%
Magic:  2/2        EV: 13    Int: 10    God:
Gold:   0          SH:  0    Dex: 13    Spells: 1/1 levels left

rFire    . . .     SeeInvis .   a - +0 spear
rCold    . . .     Faith    .   (no shield)
rNeg     . . .     Spirit   .   b - +0 robe
rPois    .         Reflect  .   (no helmet)
rElec    .         Harm     .   (no cloak)
rCorr    .         Rampage  .   (no gloves)
MR       .....                  (no boots)
Stlth    ++........             (no amulet)
HPRegen  0.09/turn              (no ring)
MPRegen  0.08/turn              (no ring)

@: no status effects
A: no striking features
a: no special abilities


You were on level 4 of the Dungeon.
You visited 1 branch of the dungeon, and saw 4 of its levels.

Inventory:

Hand Weapons
 a - a +0 spear (weapon)
Missiles
 i - a throwing net (quivered)
 j - 17 poisoned darts
Armour
 b - a +0 robe (worn)
Scrolls
 c - 2 scrolls of amnesia {unknown}
 d - a scroll of enchant weapon {unknown}
 g - a scroll of identify {unknown}
 h - 3 scrolls of remove curse {unknown}
Potions
 e - a potion of lignification {unknown}
 f - a potion of curing {unknown}
 k - a potion of resistance {unknown}


   Skills:
 + Level 4.1 Fighting
 + Level 3.7 Polearms
 + Level 2.7 Dodging
 + Level 1.7 Stealth


You had one spell level left.
You didn't know any spells.
Your spell library was empty.

Dungeon Overview and Level Annotations

Branches:
Dungeon (4/15)
 Temple: D:4-7

Altars:
Cheibriados
Elyvilon

Annotations:
D:2 Jessica
D:4 Pikel


Message History

You are too injured to fight recklessly!
You are too injured to fight recklessly!
You are too injured to fight recklessly!
You are too injured to fight recklessly!
You are too injured to fight recklessly!
You are too injured to fight recklessly!
You are too injured to fight recklessly!
You are too injured to fight recklessly!
You are too injured to fight recklessly!
You are too injured to fight recklessly!
You are too injured to fight recklessly!
You are too injured to fight recklessly!
You are too injured to fight recklessly!
You are too injured to fight recklessly!
You barely miss the bullfrog skeleton. The bullfrog skeleton hits you.
* * * LOW HITPOINT WARNING * * *
You hit the bullfrog skeleton.
The bullfrog skeleton is lightly damaged.
The bullfrog skeleton hits you.
You die...

..........#
⌠.....⌠...##
..._.......#
⌠..?..⌠....#
...........######
.#.#.#.#.......#
................#
#####...Z.......B
###.@.......#
###########


You could see a bullfrog skeleton.

Vanquished Creatures
  2 adders (D:3)
  A ball python (D:3)
  A giant cockroach (D:3)
  2 rats (D:3)
6 creatures vanquished.

Notes
Turn   | Place    | Note
-------+----------+-------------------------------------------
     0 | D:1      | P0NYSLAYSTATION the Hill Orc Monk began the quest for the
                  | Orb.
     0 | D:1      | Reached XP level 1. HP: 19/19 MP: 1/1
    35 | D:2      | Noticed Jessica
   128 | D:3      | Found a snail-covered altar of Cheibriados.
   290 | D:4      | Noticed Pikel
   290 | D:4      | Noticed a lemure
   290 | D:4      | Noticed a lemure
   290 | D:4      | Noticed a lemure
   291 | D:4      | Noticed a hound
   291 | D:4      | Noticed a lemure
   321 | D:3      | Found a faded altar of an unknown god.
   335 | D:3      | Reached XP level 2. HP: 20/27 MP: 2/2
   484 | D:3      | Reached skill level 4 in Fighting
   542 | D:3      | HP: 1/27 [orc priest/divine providence (12)]
   554 | D:4      | Found a white marble altar of Elyvilon.
   554 | D:4      | Noticed a howler monkey
   564 | D:4      | Slain by a bullfrog skeleton

Illustrated notes

Levels and vault maps discovered:
D:1:      sevenhm_arrival_forest_fort_small_6, layout_basic, serial_glass,
          glass_columns_a, glass_columns_b
D:2:      layout_basic, uniq_terence, uniq_jessica
D:3:      layout_basic, cheibriados_altar_1, grunt_temple_overflow_diamond,
          chequers_ecumenical_altar_twisty, minmay_checkerbox
D:4:      layout_rooms, elyvilon_altar_5, led_sif_pool, minmay_fountain_box,
          uniq_crazy_yiuf_cottage, uniq_pikel

Skill      XL: |  1  2 |
---------------+-------+-----
Fighting       | 4 |  4.1
Polearms       | |  3.7
Dodging        | |  2.7
Stealth        | |  1.7

Action                   || total
-------------------------++-------
Melee: Spear             ||    26
 Stab: Sleeping          ||     2
Armor: Robe              ||     1
Dodge: Dodged            ||    12

Table legend: (Time is in decaauts)
 A = Elapsed time spent in this place.
 B = Non-inter-level travel time spent in this place.
 C = Inter-level travel time spent in this place.
 D = Time resting spent in this place.
 E = Time spent auto-exploring this place.
 F = Levels seen in this place.
 G = Mean time per level.
                   A        B        C        D        E       F      G
               +--------+--------+--------+--------+--------+-----+--------+
         Total |    564 |    501 |     63 |      2 |    351 |   4 |  141.0 |
       Dungeon |    564 |    501 |     63 |      2 |    351 |   4 |  141.0 |
               +--------+--------+--------+--------+--------+-----+--------+

Top non-repeatable levels by time:
     D:3: 469 daAuts
     D:2: 66 daAuts
     D:1: 16 daAuts
     D:4: 12 daAuts
